 Dungeon Sprint DCSS version 0.19.1 (webtiles) character file.

9688 equalderp2856 the Ripper (level 11, -2/53 HPs)
             Began as a Felid Fighter on Nov 27, 2016.
             Was a High Priest of Nemelex Xobeh.
             Shot with a bolt by a tengu warrior (19 damage)
             ... in the Dungeon (Sprint IX: "|||||||||||||||||||||||||||||").
             The game lasted 00:12:25 (2175 turns).

equalderp2856 the Ripper (Felid Fighter)            Turns: 2175, Time: 00:12:25

Health: -2/53      AC:  4    Str: 16    XL:     11   Next: 26%
Magic:  18/18      EV: 32    Int: 12    God:    Nemelex Xobeh [*****.]
Gold:   0          SH:  0    Dex: 16    Spells: 0 memorised, 10 levels left
                                        Lives:  0   Deaths: 3

rFire  . . .     SeeInvis +       - Unarmed
rCold  . . .     Gourm    .     (armour unavailable)
rNeg   . . .     Faith    .     (shield unavailable)
rPois  .         Spirit   .     (helmet unavailable)
rElec  .         Reflect  .     (cloak unavailable)
rCorr  .         Harm     .     (gloves unavailable)
MR     +....     NoTele   +     (boots unavailable)
Stlth  ++++++....               (no amulet)
                                o - +2 ring of protection
                                n - +3 ring of strength

@: quick
A: no armour, no weapons or thrown items, stealth, claws 1, fangs 3, see
invisible, carnivore 3, speed 1, shaggy fur 2, slow metabolism 1, sharp paws
a: Triple Draw, Deal Four, Stack Five, Renounce Religion


You were in the Dungeon.
You worshipped Nemelex Xobeh.
Nemelex Xobeh was extremely pleased with you.
You were not hungry.

You visited 1 branch

Inventory:

Jewellery
 n - a +3 ring of strength (left paw)
 o - a +2 ring of protection (right paw)
 q - an uncursed ring of fire
 r - an uncursed ring of protection from fire
 s - an uncursed ring of protection from fire
Wands
 l - a wand of lightning (7/15)
Scrolls
 h - 4 scrolls of blinking
 j - 3 scrolls of remove curse
 k - 2 scrolls of amnesia
 p - 3 scrolls of identify
Potions
 a - 2 potions of might
 c - a potion of invisibility
 d - a potion of brilliance
 e - 4 potions of haste
 f - 4 potions of magic
 g - 2 potions of berserk rage
Miscellaneous
 m - a plain deck of escape {drawn: 5}
 t - a plain deck of escape
 u - a plain deck of destruction {drawn: 2}
 v - an ornate deck of destruction {drawn: 2}
 w - a legendary deck of escape {drawn: 1}
 x - a plain deck of escape
 z - an ornate deck of destruction {drawn: 11}
Comestibles
 b - a meat ration


   Skills:
 + Level 9.1 Fighting
 + Level 16.9 Dodging
 + Level 12.8 Stealth
 + Level 20.6 Unarmed Combat
 + Level 9.2 Invocations


You had 10 spell levels left.
You didn't know any spells.

Dungeon Overview and Level Annotations

Branches:
Dungeon (1/1)

Altars:
Cheibriados
Dithmenos
Elyvilon
Fedhas
Gozag
Hepliaklqana
Kikubaaqudgha
Makhleb
Nemelex Xobeh
Okawaru
Qazlal
Ru
Sif Muna
Trog
Uskayaw
Vehumet
Xom
Yredelemnul
Zin
The Shining One
Beogh
Jiyva
Lugonu

Shops:
D *}

Annotations:
D Kirke


Innate Abilities, Weirdness & Mutations

You cannot wear armour.
You are incapable of wielding weapons or throwing items.
Your paws allow you to move quietly. (Stealth)
You have sharp claws.
You have razor-sharp teeth.
You have supernaturally acute eyesight. (SInv)
You are carnivorous and can eat meat at any time.
You cover ground quickly.
You are covered in thick fur. (AC +2)
You have a slow metabolism.
Your sharp claws are effective at attacking unaware monsters.


Message History

The iron troll dies!
The fire giant returns to its original shape as it dies.
Your Invocations skill increases to level 9!
You feel a surge of magic.
You swap places.
A tengu warrior comes into view. It is wielding a dire flail.
The tengu warrior unwields an uncursed dire flail.
The tengu warrior wields an arbalest.
The tengu warrior shoots a bolt.
The bolt hits you!!
* * * LOW HITPOINT WARNING * * *
You swap places.
Evoke which item? (* to show all) (? for menu, Esc to quit)
Okay, then.
You feel better.
Your air elemental disappears in a puff of smoke!
The tengu warrior shoots a bolt.
The bolt closely misses your air elemental.
The bolt hits you!!
You die...
Your body glows slightly and disappears.

▓(▓.▓
▓)▓.▓
▓'
▓Q▓.▓
▓)▓.▓
▓.
▓.▓.▓
▓)▓.▓
▓Y
▓§▓.▓
▓)▓.▓
▓.
▓'▓.▓
▓)▓.▓
▓t
▓.▓.▓
▓)▓.▓
▓D
▓.▓.▓
▓)▓.▓
▓H
▓E▓.▓
▓.▓.▓
▓D
▓@▓.▓
▓.▓.▓
▓)
▓§▓.▓
▓=▓.▓
▓#
▓§▓.▓
▓.▓.▓
▓.
▓W▓.▓
▓.▓.▓
▓.
▓.▓.▓
▓'▓.▓
▓.
▓.▓.▓
▓.▓.▓
▓.
▓.▓.▓
▓.▓.▓
▓'
▓.▓)▓
▓.▓.▓
▓.
▓.▓.▓
▓.▓.▓
▓.


You could see a tengu warrior, a friendly flayed ghost and a friendly air
elemental.

Vanquished Creatures
  A golden dragon (D)
  A very ugly thing (D)
  A dire elephant (D)
  A great orb of eyes (D)
  A rakshasa (D)
  An ice dragon (D)
  Erolcha (D)
  A centaur warrior (D)
  Erica (D)
  An ogre mage (D)
  A vampire mage (D)
  A wolf spider (D)
  A black mamba (D)
  A kobold demonologist (D)
  A troll (D)
  A slime creature (D)
  A hippogriff (D)
  A blink frog (D)
  2 hogs (D)
  A black bear (D)
  2 ice beasts (D)
  2 eyes of draining (D)
  2 orc wizards (D)
  2 worker ants (D)
  An adder skeleton (D)
  A leopard gecko (D)
  An orc (D)
  2 bats (D)
  A giant cockroach (D)
  A kobold (D)
  A leopard gecko zombie (D)
  2 rats (D)
39 creatures vanquished.

Vanquished Creatures (others)
  An ice dragon (D)
  An iron troll (D)
  2 orc wizards (D)
  2 ball lightnings (D)
6 creatures vanquished.

Grand Total: 45 creatures vanquished

Notes
Turn   | Place    | Note
-------+----------+-------------------------------------------
     0 | D        | equalderp2856 the Felid Fighter began the quest for the Orb.
     0 | D        | Reached XP level 1. HP: 10/10 MP: 2/2
    36 | D        | Noticed a worker ant
    36 | D        | Noticed a worker ant
    42 | D        | Killed a worker ant
    42 | D        | Reached skill level 5 in Dodging
    42 | D        | Reached skill level 6 in Unarmed Combat
    42 | D        | Reached XP level 2. HP: 15/15 MP: 3/3
    44 | D        | Reached XP level 3. HP: 18/18 MP: 4/4
    53 | D        | Reached skill level 1 in Stealth
    53 | D        | Reached skill level 7 in Unarmed Combat
    61 | D        | Found a roughly hewn altar of Beogh.
    61 | D        | Found a snail-covered altar of Cheibriados.
    61 | D        | Found a shadowy altar of Dithmenos.
    61 | D        | Found a white marble altar of Elyvilon.
    61 | D        | Found a blossoming altar of Fedhas.
    61 | D        | Found an opulent altar of Gozag.
    63 | D        | Found a hazy altar of Hepliaklqana.
    64 | D        | Found a viscous altar of Jiyva.
    65 | D        | Found an ancient bone altar of Kikubaaqudgha.
    66 | D        | Found a corrupted altar of Lugonu.
    67 | D        | Found a burning altar of Makhleb.
    68 | D        | Found a sparkling altar of Nemelex Xobeh.
    69 | D        | Found an iron altar of Okawaru.
    81 | D        | Found a stormy altar of Qazlal.
   241 | D        | Found a sacrificial altar of Ru.
   242 | D        | Found a deep blue altar of Sif Muna.
   243 | D        | Found a bloodstained altar of Trog.
   244 | D        | Found a hide-covered altar of Uskayaw.
   245 | D        | Found a radiant altar of Vehumet.
   246 | D        | Found a shimmering altar of Xom.
   247 | D        | Found a basalt altar of Yredelemnul.
   248 | D        | Found a glowing silver altar of Zin.
   252 | D        | Became a worshipper of Nemelex Xobeh the Trickster
   256 | D        | Found a glowing golden altar of the Shining One.
   265 | D        | Received a gift from Nemelex Xobeh
   290 | D        | Noticed an eye of draining
   290 | D        | Noticed an ice beast
   290 | D        | Noticed an eye of draining
   290 | D        | Noticed an ice beast
   475 | D        | Killed an ice beast
   475 | D        | Reached skill level 5 in Fighting
   475 | D        | Reached skill level 9 in Unarmed Combat
   475 | D        | Reached XP level 4. HP: 23/23 MP: 2/5
   475 | D        | Reached XP level 5. HP: 26/26 MP: 2/6
   484 | D        | Killed an eye of draining
   484 | D        | Reached skill level 10 in Unarmed Combat
   487 | D        | Gained mutation: You are covered in thick fur. (AC +2) [Felid growth]
   487 | D        | Reached XP level 6. HP: 27/31 MP: 1/7
   492 | D        | Killed an ice beast
   492 | D        | Reached skill level 11 in Unarmed Combat
   570 | D        | Reached skill level 5 in Stealth
   570 | D        | Reached skill level 12 in Unarmed Combat
   622 | D        | Noticed a centaur warrior
   622 | D        | Noticed a kobold demonologist
   622 | D        | Noticed a hippogriff
   622 | D        | Noticed a troll
   623 | D        | Reached * piety under Nemelex Xobeh
   627 | D        | Killed a troll
   627 | D        | Reached XP level 7. HP: 32/35 MP: 8/8
   630 | D        | Reached skill level 13 in Unarmed Combat
  1120 | D        | Noticed a sun demon
  1324 | D        | Noticed a sun demon
  1329 | D        | Killed a hippogriff
  1337 | D        | Killed a kobold demonologist
  1337 | D        | Reached skill level 10 in Dodging
  1337 | D        | Reached skill level 14 in Unarmed Combat
  1337 | D        | Reached XP level 8. HP: 17/40 MP: 9/9
  1348 | D        | Killed a centaur warrior
  1348 | D        | Reached skill level 15 in Unarmed Combat
  1668 | D        | Reached ** piety under Nemelex Xobeh
  1708 | D        | Noticed a six-headed hydra
  1708 | D        | Noticed a black mamba
  1708 | D        | Noticed a hippogriff
  1708 | D        | Noticed a seven-headed hydra
  1720 | D        | Killed a black mamba
  1720 | D        | Reached XP level 9. HP: 16/43 MP: 10/10
  1721 | D        | Slain by a seven-headed hydra
  1722 | D        | Reached XP level 8. HP: -1/40 MP: 9/9
  1738 | D        | Reached *** piety under Nemelex Xobeh
  1746 | D        | Received a gift from Nemelex Xobeh
  1803 | D        | Received a gift from Nemelex Xobeh
  1804 | D        | Noticed Erica
  1816 | D        | Killed Erica
  1816 | D        | Reached skill level 16 in Unarmed Combat
  1816 | D        | Reached skill level 1 in Invocations
  1922 | D        | Found Bomif's Assorted Antiques.
  1922 | D        | Noticed an orc sorcerer
  1922 | D        | Noticed an orc sorcerer
  1925 | D        | Found Keish's Gadget Boutique.
  1928 | D        | Noticed an orc sorcerer
  1930 | D        | Noticed a soul eater
  1932 | D        | Noticed a hellwing
  1935 | D        | Noticed a rust devil
  1935 | D        | Killed from afar by an orc sorcerer
  1936 | D        | Reached XP level 7. HP: -6/36 MP: 9/9
  1936 | D        | Reached **** piety under Nemelex Xobeh
  1942 | D        | Noticed an ogre mage
  1942 | D        | Noticed a vampire mage
  1942 | D        | Noticed a rakshasa
  1942 | D        | Noticed a rakshasa
  1942 | D        | Noticed a yaktaur
  1942 | D        | Noticed a cyan very ugly thing
  1949 | D        | Killed an ogre mage
  1949 | D        | Reached skill level 10 in Stealth
  1949 | D        | Reached skill level 17 in Unarmed Combat
  1949 | D        | Reached XP level 8. HP: 40/40 MP: 10/10
  1955 | D        | Noticed a necromancer
  1959 | D        | Killed a vampire mage
  1959 | D        | Reached XP level 9. HP: 14/44 MP: 10/12
  1963 | D        | Killed a rakshasa
  1986 | D        | Killed a white very ugly thing
  1986 | D        | Reached skill level 18 in Unarmed Combat
  1986 | D        | Reached XP level 10. HP: 19/49 MP: 12/14
  1990 | D        | Received a gift from Nemelex Xobeh
  2005 | D        | Received a gift from Nemelex Xobeh
  2016 | D        | Noticed Kirke
  2020 | D        | Reached ***** piety under Nemelex Xobeh
  2022 | D        | Reached skill level 15 in Dodging
  2027 | D        | Noticed a harpy
  2033 | D        | Slain by Kirke
  2034 | D        | Reached XP level 9. HP: 0/45 MP: 13/13
  2034 | D        | Received a gift from Nemelex Xobeh
  2078 | D        | Received a gift from Nemelex Xobeh
  2093 | D        | Received a gift from Nemelex Xobeh
  2101 | D        | Noticed Erolcha
  2108 | D        | Killed Erolcha
  2108 | D        | Reached skill level 5 in Invocations
  2135 | D        | Received a gift from Nemelex Xobeh
  2135 | D        | Noticed a deep troll shaman
  2135 | D        | Noticed a purple ugly thing
  2135 | D        | Noticed a tengu conjurer
  2135 | D        | Noticed a stone giant
  2135 | D        | Noticed an ice dragon
  2136 | D        | Noticed a golden dragon
  2137 | D        | Killed an ice dragon
  2137 | D        | Reached skill level 19 in Unarmed Combat
  2140 | D        | a tengu conjurer changed into a blink frog
  2140 | D        | Noticed a dire elephant
  2140 | D        | a stone giant changed into a dire elephant
  2140 | D        | Noticed an ice dragon
  2140 | D        | a purple ugly thing changed into an ice dragon
  2140 | D        | Noticed an alligator
  2140 | D        | a deep troll shaman changed into an alligator
  2142 | D        | Noticed a golden dragon
  2143 | D        | Killed a dire elephant
  2143 | D        | Reached XP level 10. HP: 49/49 MP: 13/15
  2148 | D        | Killed an ice dragon
  2153 | D        | Killed a golden dragon
  2153 | D        | Reached skill level 20 in Unarmed Combat
  2153 | D        | Reached XP level 11. HP: 43/53 MP: 15/18
  2156 | D        | Noticed an iron dragon
  2156 | D        | a golden dragon changed into an iron dragon
  2159 | D        | Noticed a fire giant
  2164 | D        | Noticed a great orb of eyes
  2164 | D        | an iron dragon changed into a great orb of eyes
  2164 | D        | Noticed an iron troll
  2164 | D        | a fire giant changed into an iron troll
  2164 | D        | Noticed a wolf spider
  2164 | D        | an alligator changed into a wolf spider
  2166 | D        | Killed a great orb of eyes
  2168 | D        | Killed a wolf spider
  2169 | D        | Killed an iron troll
  2170 | D        | Noticed a tengu warrior
  2175 | D        | Shot with a bolt by a tengu warrior

Skill      XL: |  1  2  3  4  5  6  7  8  9 10 11 |
---------------+----------------------------------+-----
Dodging        | 5 6 7 8 13 12 14 16 | 16.9
Unarmed Combat | 6 9 10 12 17 16 19 20 | 20.6
Fighting       | 5 6 7 8 9 |  9.1
Stealth        | 2 4 6 10 9 11 12 | 12.8
Invocations    | 3 6 8 9 |  9.2

Action                   |  1- 3 |  4- 6 |  7- 9 | 10-12 || total
-------------------------+-------+-------+-------+-------++-------
Melee: Unarmed           |    34 |    29 |    86 |    12 ||   161
       Bite              |     6 |     1 |     3 |       ||    10
       Punch             |     2 |     2 |     7 |     3 ||    14
Evoke: Deck              |       |       |    18 |    20 ||    38
  Use: Potion            |     2 |       |     3 |     4 ||     9
 Stab: Sleeping          |     1 |       |     3 |       ||     4
       Distracted        |     1 |     1 |       |       ||     2
Armor: Skin              |     2 |       |     6 |       ||     8
Dodge: Dodged            |    20 |    10 |   105 |    10 ||   145
